 Dungeon Crawl Stone Soup version 0.28.0-53-g5a82cb258f (webtiles) character file.

Game seed: 17745173064853532069

63510 H0rd4k the Slicer (level 15, 0/117 HPs)
             Began as a Human Artificer on July 21, 2022.
             Was an Initiate of Gozag.
             Slain by an orc knight
             ... wielding a +0 war axe
              (19 damage)
             ... on level 1 of the Orcish Mines.
             The game lasted 00:43:56 (35082 turns).

H0rd4k the Slicer (Human Artificer)                Turns: 35082, Time: 00:43:56

Health: 0/117      AC: 12    Str: 15    XL:     15   Next: 50%
Magic:  27/27      EV: 16    Int: 16    God:    Gozag
Gold:   2586       SH:  0    Dex: 17    Spells: 11/31 levels left

rFire   + . .      SeeInvis +   G - +7 short sword of Foipuasch {spect, *Corrode rN+++ Will+++ Dex-3}
rCold   . . .      Faith    .   X - orb {guile}
rNeg    + + +      Spirit   .   Z - +0 ring mail "Fief" {-Tele Rampage Dex+6 SInv}
rPois   .          Reflect  .   M - +2 hat {Will+}
rElec   .          Harm     .   r - scarf {+Inv}
rCorr   +          Rampage  +   g - +0 pair of gloves
Will    +++..      NoTele   +   H - +2 pair of boots
Stlth   ++........              (no amulet)
HPRegen 0.29/turn               j - ring of resist corrosion
MPRegen 0.20/turn               n - ring of protection from fire

@: studying Fire Magic
A: no striking features
a: Renounce Religion, Evoke Invisibility, Potion Petition, Call Merchant, Bribe
Branch


You were on level 1 of the Orcish Mines.
You worshipped Gozag.
Gozag was most pleased with you.
You visited 4 branches of the dungeon, and saw 19 of its levels.
You also visited: Ossuary.

You collected 5580 gold pieces.
You spent 1350 gold pieces at shops.
You paid 1644 gold pieces to Gozag.

Inventory:

Hand Weapons
 G - the +7 short sword of Foipuasch (weapon) {spect, *Corrode rN+++ Will+++ Dex-3}
   (You bought it in a shop on level 2 of the Dungeon)

   When its wielder attacks, the weapon's spirit leaps out and strikes again.
   The spirit shares a part of any damage it takes with its wielder.
   Dex:       It affects your dexterity (-3).
   rN:        It renders you almost immune to negative energy.
   *Corrode:  It may corrode you when you take damage.
   Will:      It greatly increases your willpower.
 T - a +9 shortbow of flaming
Missiles
 m - 32 poisoned darts (quivered)
 t - 3 throwing nets
 U - 384 arrows
Armour
 g - a +0 pair of gloves (worn)
 r - a scarf of invisibility (worn)
 H - a +2 pair of boots (worn)
 M - a +2 hat of willpower (worn)
 X - an orb of guile (worn)
 Y - a +2 helmet of see invisible
 Z - the +0 ring mail "Fief" (worn) {-Tele Rampage Dex+6 SInv}
   (You bought it in a shop on level 8 of the Dungeon)

   Dex:       It affects your dexterity (+6).
   SInv:      It lets you see invisible.
   -Tele:     It prevents most forms of teleportation.
   Rampage:   It bestows one free step when moving towards enemies.
Jewellery
 j - a ring of resist corrosion (left hand)
 n - a ring of protection from fire (right hand)
 W - a ring of positive energy
Wands
 y - a wand of flame (12)
 I - a wand of polymorph (9)
Scrolls
 o - 6 scrolls of immolation
 u - 5 scrolls of blinking
 w - 11 scrolls of teleportation
 x - 2 scrolls of magic mapping
 A - 2 scrolls of fear
 E - 2 scrolls of summoning
 R - 2 scrolls of fog
Potions
 a - 5 potions of curing
 c - a potion of resistance
 k - 4 potions of mutation
 p - a potion of ambrosia {unknown}
 q - 3 potions of berserk rage
 v - 6 potions of might
 z - 5 potions of flight
 B - a potion of cancellation
 C - 3 potions of brilliance
 K - 2 potions of lignification
 L - 2 potions of heal wounds {unknown}
 O - 3 potions of magic
 P - a potion of invisibility {unknown}
 V - a potion of haste
Miscellaneous
 e - a piece from Xom's chessboard (15/15)


   Skills:
 + Level 10.7 Fighting
 + Level 12.5(13.2) Short Blades
 * Level 6.9(10.6) Long Blades
 - Level 1.6 Maces & Flails
 * Level 6.0 Bows
 + Level 1.5 Throwing
 + Level 5.9 Armour
 + Level 9.8 Dodging
 + Level 5.3 Stealth
 * Level 8.5 Spellcasting
 * Level 5.8 Hexes
 - Level 3.1 Transmutations
 - Level 3.0 Fire Magic
 - Level 4.5 Ice Magic
 + Level 6.8 Evocations


You had 11 spell levels left.
You knew the following spells:

 Your Spells              Type           Power      Damage    Failure   Level
a - Metabolic Englaciati  Hex/Ice        11%        N/A       54%         5
b - Enfeeble              Hex            12%        N/A       100%        7
c - Yara's Violent Unrav  Hex/Tmut       10%        3d6       63%         5
d - Inner Flame           Hex/Fire       21%        N/A       10%         3

Your spell library contained the following spells:

 Spells                   Type           Power      Damage    Failure   Level
 Confusing Touch          Hex            25%        N/A       4%          3
 Foxfire                  Conj/Fire      44%        2x1d6     11%         1
 Magic Dart               Conj           24%        1d4       19%         1
 Call Imp                 Summ           6%         N/A       28%         2
 Static Discharge         Conj/Air       6%         N/A       28%         2
 Conjure Flame            Conj/Fire      11%        6-21      30%         3
 Mephitic Cloud           Conj/Pois/Air  6%         N/A       50%         3
 Leda's Liquefaction      Hex/Erth       8%         N/A       50%         4
 Petrify                  Tmut/Erth      11%        N/A       69%         4
 Flame Wave               Conj/Fire      11%        2d5       71%         4
 Summon Lightning Spire   Summ/Air       6%         N/A       88%         4
 Lee's Rapid Deconstruct  Erth           3%         3d6*      99%         5
 Lightning Bolt           Conj/Air       3%         1d14      99%         5
 Statue Form              Tmut/Erth      7%         N/A       100%        6
 Storm Form               Tmut/Air       5%         N/A       100%        7
 Maxwell's Capacitive Co  Air            3%         ∞         100%        8


Dungeon Overview and Level Annotations

Branches:
Dungeon (11/15)            Temple (1/1) D:5            Lair (6/6) D:8
 Shoals (0/4) Lair:4        Snake (0/4) Lair:3        Slime (0/5) Lair:5
    Orc (1/2) D:11        Ossuary (visited)

Altars:
Ashenzari
Cheibriados
Dithmenos
Elyvilon
Fedhas
Gozag
Hepliaklqana
Kikubaaqudgha
Makhleb
Nemelex Xobeh
Okawaru
Qazlal
Ru
Sif Muna
Trog
Uskayaw
Vehumet
Wu Jian
Xom
Yredelemnul
Zin
The Shining One
Jiyva

Shops:
D:1 (   D:2 *[(*   D:8 [(*   D:11 *

Annotations:
D:5 exclusion: downstairs
D:6 exclusion: downstairs
D:7 exclusion: downstairs
D:10 exclusion: downstairs
Lair:1 exclusion: downstairs
Lair:4 exclusion: downstairs
Lair:5 exclusion: 2 downstairs
Orc:1 Erica


Message History

You hit the orc knight but do no damage.
The orc knight is moderately wounded.
Your +7 short sword of Foipuasch {spect, *Corrode rN+++ Will+++ Dex-3} closely misses the orc knight.
You hit the orc knight.
The orc knight is moderately wounded.
Your +7 short sword of Foipuasch {spect, *Corrode rN+++ Will+++ Dex-3} barely misses the orc knight.
The orc knight hits you with a +0 war axe!
The orc knight hits your +7 short sword of Foipuasch {spect, *Corrode rN+++ Will+++ Dex-3} with a +0 war axe!!
Your spectral weapon shares its damage with you!
Your +7 short sword of Foipuasch {spect, *Corrode rN+++ Will+++ Dex-3} fades away.
You hit the orc knight but do no damage.
The orc knight is moderately wounded.
Your +7 short sword of Foipuasch {spect, *Corrode rN+++ Will+++ Dex-3} barely misses the orc knight.
You hit the orc knight but do no damage.
The orc knight is moderately wounded.
Your +7 short sword of Foipuasch {spect, *Corrode rN+++ Will+++ Dex-3} hits the orc knight!
The orc knight hits you with a +0 war axe.
The orc knight closely misses your +7 short sword of Foipuasch {spect, *Corrode rN+++ Will+++ Dex-3}.
You hit the orc knight.
The orc knight is heavily wounded.
Your +7 short sword of Foipuasch {spect, *Corrode rN+++ Will+++ Dex-3} hits the orc knight!
You hit the orc knight but do no damage.
The orc knight is severely wounded.
Your +7 short sword of Foipuasch {spect, *Corrode rN+++ Will+++ Dex-3} misses the orc knight.
The orc knight hits you with a +0 war axe!
* * * LOW HITPOINT WARNING * * *
The orc knight hits your +7 short sword of Foipuasch {spect, *Corrode rN+++ Will+++ Dex-3} but does no damage.
You hit the orc knight but do no damage.
The orc knight is severely wounded.
Your +7 short sword of Foipuasch {spect, *Corrode rN+++ Will+++ Dex-3} hits the orc knight!
You hit the orc knight.
The orc knight is severely wounded.
Your +7 short sword of Foipuasch {spect, *Corrode rN+++ Will+++ Dex-3} hits the orc knight but does no damage.
The orc knight hits you with a +0 war axe!!
* * * LOW HITPOINT WARNING * * *
The orc knight closely misses your +7 short sword of Foipuasch {spect, *Corrode rN+++ Will+++ Dex-3}.
You feel better.
The orc knight hits you with a +0 war axe!!
You die...
Your body crumbles into a pile of gold.

.## ..# .## # ..##.##
......# ..# ######
.###############.##.##
..............)o§....#
...#############@.#..##
..## ##......## ###
#...#..#.## ###
##.#......## ###.##
##.#.....#)###....#
#................##
##...##........###
#....#.........##
##..........#.[.##


You could see an orc knight.

Vanquished Creatures
  Gastronok (Lair:2)
  An orc warlord (Orc:1)
  Josephine (Lair:6)
  A boulder beetle (Lair:5)
  11 hydras
  5 catoblepae
  7 two-headed ogres
  13 death yaks
  Pikel (D:6)
  An orc sorcerer (D:11)
  A cyclops (D:7)
  2 manticores (Lair:6)
  19 elephants
  A wolf spider (Lair:6)
  A merfolk siren (Lair:4)
  5 black mambas
  A centaur zombie (D:11)
  2 gargoyles (D:10)
  A kobold demonologist (D:10)
  14 cane toads
  3 rime drakes
  8 komodo dragons
  Maggie (D:6)
  2 polar bears
  2 trolls
  Grinder (D:4)
  12 blink frogs
  3 shadows
  5 wraiths
  A vampire (D:11)
  8 wyverns
  31 yaks
  7 basilisks
  3 nagas (Lair:3)
  2 wargs
  13 water moccasins
  2 acid dragons
  Duvessa (D:7)
  A two-headed ogre zombie (D:11)
  A hornet zombie (D:7)
  11 orc warriors
  A sky beast (D:5)
  2 black bears
  3 necrophages
  6 wolves
  6 ogres
  7 centaurs
  A kobold brigand (D:7)
  13 bullfrogs
  2 scorpions
  A water moccasin zombie (D:6)
  2 troll zombies (D:11)
  Dowan (D:7)
  5 killer bees (D:9)
  11 wights
  3 electric eels
  2 howler monkeys (D:7)
  6 lava snakes (Lair:6)
  A bullfrog zombie (D:5)
  4 orc priests
  2 hounds
  2 jellies
  A bullfrog skeleton (D:5)
  4 iguanas
  A scorpion zombie (D:5)
  8 orc wizards
  A killer bee zombie (D:7)
  5 ogre zombies (D:11)
  3 hound skeletons
  9 mummies
  3 gnolls (D:6)
  4 adders
  A white imp (D:6)
  3 ufetubi
  A worm zombie (D:7)
  A worm (D:2)
  4 dart slugs
  53 orcs
  10 ball pythons
  5 bats
  7 endoplasms
  3 giant cockroaches
  A gnoll zombie (Ossuary)
  10 goblins
  8 hobgoblins
  4 jackals
  14 kobolds
  2 quokkas
  4 frilled lizards
  3 goblin skeletons (D:11)
  2 goblin zombies (D:11)
  3 hobgoblin skeletons (D:11)
  4 hobgoblin zombies
  4 kobold zombies (Ossuary)
  3 orc skeletons (D:11)
  13 orc zombies
  9 rats
499 creatures vanquished.

Vanquished Creatures (collateral kills)
  A centaur (D:5)
  An iguana (D:5)
  An adder (D:5)
  An orc (D:5)
4 creatures vanquished.

Vanquished Creatures (others)
  A water moccasin (D:5)
  A scorpion (D:5)
  A hound (D:5)
  A gnoll (D:5)
  40 fungi
  49 plants
93 creatures vanquished.

Grand Total: 596 creatures vanquished

Notes
Turn   | Place    | Note
-------+----------+-------------------------------------------
     0 | D:1      | H0rd4k the Human Artificer began the quest for the Orb.
     0 | D:1      | Reached XP level 1. HP: 15/15 MP: 1/1
   136 | D:1      | Reached XP level 2. HP: 12/21 MP: 2/2
   609 | D:1      | Reached XP level 3. HP: 25/26 MP: 3/3
   763 | D:1      | Found Nuts's Weapon Boutique.
   823 | D:1      | Reached skill level 1 in Maces & Flails
  1251 | D:2      | Found Cuilieda's Assorted Antiques.
  1288 | D:2      | Found a faded altar of an unknown god.
  1577 | D:2      | Reached XP level 4. HP: 32/32 MP: 4/4
  1588 | D:2      | Found Effip's Armour Shoppe.
  1986 | D:2      | Found Goany's General Store.
  2141 | D:2      | Found Zaew's Antique Weapon Emporium.
  2641 | D:3      | Reached XP level 5. HP: 36/38 MP: 5/5
  2660 | D:3      | Found an ornate altar of the Wu Jian Council.
  2721 | D:3      | Reached skill level 1 in Short Blades
  2835 | D:3      | Found a broken altar of Ashenzari.
  2844 | D:3      | Found a snail-covered altar of Cheibriados.
  3399 | D:4      | Noticed a necrophage
  3420 | D:4      | Killed a necrophage
  3421 | D:4      | Reached skill level 2 in Short Blades
  3421 | D:4      | Reached XP level 6. HP: 43/46 MP: 6/6
  3721 | D:4      | Noticed Grinder
  3760 | D:4      | Killed Grinder
  3761 | D:4      | Reached XP level 7. HP: 19/52 MP: 7/7
  3985 | D:4      | Found a radiant altar of Vehumet.
  4030 | D:4      | Reached skill level 3 in Short Blades
  4131 | D:5      | Entered Level 5 of the Dungeon
  4165 | D:5      | HP: 2/52 [centaur (1)]
  4860 | D:5      | Noticed a water moccasin
  4870 | D:5      | Killed a water moccasin
  4871 | D:5      | Reached XP level 8. HP: 40/60 MP: 8/8
  5142 | D:5      | Found a staircase to the Ecumenical Temple.
  5142 | D:5      | Noticed a two-headed ogre
  5497 | D:5      | Reached skill level 5 in Evocations
  5577 | D:5      | Reached skill level 4 in Short Blades
  5760 | D:5      | Reached skill level 1 in Spellcasting
  5901 | D:5      | Reached skill level 5 in Fighting
  6178 | D:5      | Reached skill level 5 in Dodging
  6268 | D:5      | Reached XP level 9. HP: 68/68 MP: 11/11
  6338 | Temple   | Entered the Ecumenical Temple
  6518 | Temple   | Became a worshipper of Gozag Ym Sagoz the Greedy
  6593 | D:6      | Found an iron altar of Okawaru.
  6596 | D:6      | Found a bloodstained altar of Trog.
  6600 | D:6      | Found an ancient bone altar of Kikubaaqudgha.
  7236 | D:6      | Noticed Maggie
  7596 | D:6      | Noticed Pikel
  7616 | D:6      | Killed Pikel
  7617 | D:6      | Reached skill level 5 in Short Blades
  7617 | D:6      | Reached skill level 1 in Throwing
  8307 | D:6      | Killed Maggie
  8804 | D:2      | Bought a dazzling short sword for 200 gold pieces
  8804 | D:2      | Identified the +7 short sword of Foipuasch {spect, *Corrode
                  | rN+++ Will+++ Dex-3} (You bought it in a shop on level 2 of
                  | the Dungeon)
  8845 | D:2      | Bought a pair of embroidered boots for 180 gold pieces
  9016 | D:7      | Noticed a cyclops
  9046 | D:7      | Noticed Dowan
  9047 | D:7      | Noticed Duvessa
  9049 | D:7      | Killed Dowan
  9050 | D:7      | Reached XP level 10. HP: 77/77 MP: 14/14
  9052 | D:7      | Killed Duvessa
  9103 | D:7      | Found a sand-covered staircase.
  9119 | Ossuary  | Entered an ossuary
 10247 | D:6      | Reached skill level 6 in Short Blades
 10913 | D:7      | Killed a cyclops
 11191 | D:7      | Reached skill level 7 in Short Blades
 11534 | D:8      | Found a blossoming altar of Fedhas.
 11575 | D:8      | Found a hazy altar of Hepliaklqana.
 11682 | D:8      | Found Soumunwi's Changing Room.
 11786 | D:8      | Found a staircase to the Lair.
 11883 | D:8      | Killed a two-headed ogre
 11884 | D:8      | Reached skill level 8 in Short Blades
 11884 | D:8      | Reached XP level 11. HP: 82/85 MP: 17/17
 12309 | D:9      | Noticed a two-headed ogre
 12323 | D:9      | Killed a two-headed ogre
 12392 | D:9      | Reached skill level 5 in Spellcasting
 12710 | D:9      | Noticed a two-headed ogre
 12719 | D:9      | Reached skill level 9 in Short Blades
 12724 | D:9      | Killed a two-headed ogre
 12918 | D:9      | Noticed a two-headed ogre
 12919 | D:9      | Found a shadowy altar of Dithmenos.
 12926 | D:9      | Killed a two-headed ogre
 13350 | D:10     | Entered Level 10 of the Dungeon
 13756 | D:10     | Noticed a two-headed ogre
 13760 | D:10     | Reached skill level 1 in Long Blades
 13765 | D:10     | Killed a two-headed ogre
 13766 | D:10     | Reached skill level 10 in Short Blades
 14167 | D:10     | HP: 3/86 [gargoyle/+0 mace (13)]
 15330 | D:11     | Found a staircase to the Orcish Mines.
 15870 | D:11     | Reached XP level 12. HP: 73/94 MP: 20/20
 16286 | D:11     | Noticed a two-headed ogre
 16293 | D:11     | Killed a two-headed ogre
 16509 | D:11     | Found Serapn's General Store.
 16518 | D:11     | Bought a scroll of fog for 24 gold pieces
 17243 | Lair:1   | Entered Level 1 of the Lair of Beasts
 17243 | Lair:1   | Noticed a six-headed hydra
 17248 | Lair:1   | Killed a six-headed hydra
 17260 | D:8      | Bought a +5 shortbow of flaming for 550 gold pieces
 17373 | D:1      | Bought 14 arrows for 33 gold pieces
 18604 | Lair:1   | Reached skill level 11 in Short Blades
 18604 | Lair:1   | Reached skill level 1 in Bows
 18923 | Lair:1   | Noticed a four-headed hydra
 18937 | Lair:1   | Killed a four-headed hydra
 19232 | Lair:1   | Learned a level 5 spell: Metabolic Englaciation
 19240 | Lair:1   | Learned a level 7 spell: Enfeeble
 19246 | Lair:1   | Learned a level 5 spell: Yara's Violent Unravelling
 19290 | Lair:2   | Noticed Gastronok
 19626 | Lair:2   | Killed Gastronok
 19627 | Lair:2   | Reached skill level 1 in Hexes
 19983 | Lair:2   | Noticed an eight-headed hydra
 19990 | Lair:2   | Killed an eight-headed hydra
 19991 | Lair:2   | Reached skill level 1 in Ice Magic
 20702 | Lair:3   | Reached XP level 13. HP: 76/101 MP: 23/23
 21097 | Lair:3   | Noticed a five-headed hydra
 21106 | Lair:3   | Killed a five-headed hydra
 21239 | Lair:3   | Noticed a seven-headed hydra
 21248 | Lair:3   | Killed a seven-headed hydra
 21662 | Lair:3   | Found a staircase to the Snake Pit.
 22647 | D:8      | Bought a runed helmet for 165 gold pieces
 22647 | D:8      | Bought a warped ring mail for 198 gold pieces
 22647 | D:8      | Identified the +0 ring mail "Fief" {-Tele Rampage Dex+6
                  | SInv} (You bought it in a shop on level 8 of the Dungeon)
 23139 | Lair:4   | Reached skill level 5 in Long Blades
 23151 | Lair:4   | Found a staircase to the Shoals.
 23223 | Lair:4   | Identified the +1 mace of Righteous Fury {flame, rF+ Str-2
                  | Int+3}
 24109 | Lair:5   | Found a staircase to the Slime Pits.
 24109 | Lair:5   | Found a viscous altar of Jiyva.
 24141 | Lair:5   | Reached skill level 12 in Short Blades
 25194 | Lair:4   | Reached XP level 14. HP: 69/109 MP: 25/25
 25440 | Lair:4   | Reached skill level 10 in Fighting
 26880 | Lair:5   | Learned a level 3 spell: Inner Flame
 26895 | Lair:6   | Entered Level 6 of the Lair of Beasts
 27480 | Lair:6   | Noticed Josephine
 27550 | Lair:6   | Reached skill level 5 in Bows
 27580 | Lair:6   | Reached skill level 1 in Transmutations
 27859 | Lair:6   | Reached skill level 1 in Fire Magic
 28203 | Lair:6   | Reached skill level 5 in Hexes
 29028 | Lair:6   | Killed Josephine
 29029 | Lair:6   | Reached skill level 5 in Armour
 29909 | Lair:6   | Reached XP level 15. HP: 60/117 MP: 27/27
 32768 | Lair:6   | Reached skill level 5 in Stealth
 33501 | Orc:1    | Entered Level 1 of the Orcish Mines
 33523 | Orc:1    | Noticed an orc warlord
 34407 | Orc:1    | Killed an orc warlord
 34766 | Orc:1    | Noticed Erica
 35082 | Orc:1    | Slain by an orc knight

Illustrated notes

Levels and vault maps discovered:
D:1:      denvon_arrival_planthouse, layout_basic, serial_shops, shop_statue,
          hex_medium
D:2:      layout_loops_cross, serial_shops, shop, nicolae_shop_statue_plus,
          nicolae_shop_hallway_plus, nicolae_shop_behind_doors,
          hellmonk_ecumenical_altar_run_dry, nrook_uturn
D:3:      layout_rooms, amcnicky_altar_gilded, lemuel_crystal_altar,
          slow_altar_1, minmay_misc_feat_four_crosses
D:4:      layout_rooms, general_overflow_altar, uniq_grinder
D:5:      layout_rooms, minmay_temple_entry_overgrown,
          chequers_serial_rivers_micro_e, minmay_joined_circles
D:6:      layout_rooms, grunt_temple_overflow_open, uniq_pikel, uniq_maggie
D:7:      kb_forest_paths, layout_basic, enter_ossuary_3, minmay_microvault,
          uniq_duvessa
D:8:      layout_cave_pools, kennysheep_little_box, fedhas_altar_3,
          lair_entry_dummy, nicolae_transmutations_shop, serial_bayou_ford_a,
          serial_bayou_pond_e
D:9:      layout_basic, grunt_dithmenos_smoke_and_mirrors
D:10:     hellmonk_destroyed_diamonds, layout_loops_corners
D:11:     layout_stronghold, zombieorc2_lemuel, serial_shops,
          nicolae_shop_hallway_plus
Temple:   minmay_temple_bridge_abc
Lair:1:   layout_regular_city, fungi_pond_lemuel, minmay_stone_trees_medium
Lair:2:   layout_misc_corridors, eino_small_chamber_without_monster,
          st_stairs_4, chequers_serial_rivers_small_b,
          grunt_forest_small_clearings, uniq_gastronok
Lair:3:   layout_regular_city, guppyfry_snake_entry_island, lemuel_fruit_fields,
          grunt_megastairs_1
Lair:4:   layout_hall_layers, elwin_shoals_entry_rooms,
          chequers_serial_rivers_large_a, st_stairs_11,
          infiniplex_staircase_pool
Lair:5:   nzn_winding_woodlands_medium [nzn_winding_woodlands_5x5_three,
          nzn_winding_woodlands_5x15_pockets,
          nzn_winding_woodlands_5x5_checkerboard,
          nzn_winding_woodlands_5x5_open_star,
          nzn_winding_woodlands_center_pierced_h,
          nzn_winding_woodlands_5x5_default, nzn_winding_woodlands_5x5_default,
          nzn_winding_woodlands_5x15_crooked, nzn_winding_woodlands_5x5_cross],
          layout_gridlike, slime_altar_1
Lair:6:   evilmike_catoblepas_cave, layout_cellular_growth,
          nicolae_lair_liquid_snakes, uniq_josephine
Orc:1:    layout_caves, serial_shops, nicolae_shop_behind_doors, uniq_erica,
          uniq_maurice

Skill      XL: |  1  2  3  4  5  6  7  8  9 10 11 12 13 14 15 |
---------------+----------------------------------------------+-----
Maces & Flails | 1 |  1.6
Dodging        | 2 3 4 5 6 7 8 9 |  9.8
Short Blades   | 2 3 4 5 8 10 11 12 | 12.5
Fighting       | 2 3 4 5 6 7 8 9 10 | 10.7
Evocations     | 4 5 6 |  6.8
Spellcasting   | 1 3 4 5 6 7 8 |  8.5
Throwing       | 1 |  1.5
Long Blades    | 2 4 5 6 |  6.9
Bows           | 2 4 5 6 |  6.0
Hexes          | 1 3 5 |  5.8
Ice Magic      | 1 3 4 |  4.5
Stealth        | 2 4 5 |  5.3
Armour         | 3 5 |  5.9
Transmutations | 2 3 |  3.1
Fire Magic     | 2 3 |  3.0

Action                   |  1- 3 |  4- 6 |  7- 9 | 10-12 | 13-15 || total
-------------------------+-------+-------+-------+-------+-------++-------
Melee: Club              |    38 |       |       |       |       ||    38
       Whip              |   106 |    70 |       |       |       ||   176
       Punch             |     2 |     3 |     4 |     5 |     7 ||    21
       Mace              |       |    68 |   253 |       |       ||   321
       Short sword       |       |       |     3 |   525 |   943 ||  1471
Throw: Dart              |       |       |     7 |       |       ||     7
Invok: Call Merchant     |       |       |       |     1 |     1 ||     2
Evoke: Wand              |       |    16 |    17 |    18 |    14 ||    65
       Piece from Xom's  |       |       |     2 |       |     1 ||     3
  Use: Scroll            |       |       |       |     7 |    22 ||    29
       Potion            |       |       |       |     3 |     2 ||     5
 Stab: Sleeping          |     3 |     6 |       |     1 |     2 ||    12
       Distracted        |     1 |       |     2 |     9 |    33 ||    45
       Paralysed         |       |       |     6 |     7 |       ||    13
Armor: Leather armour    |    58 |    46 |    79 |    77 |     9 ||   269
       Ring mail         |       |       |       |       |   155 ||   155
Dodge: Dodged            |    93 |    75 |   242 |   234 |   342 ||   986
